 Dungeon Crawl Stone Soup version 0.18.1-48-g4cf74bf (webtiles) character file.

931 Inkary the Ruffian (level 8, -4/70 HPs)
             Began as a Ghoul Monk on Sept 6, 2016.
             Slain by a sky beast (6 damage)
             ... in the Ecumenical Temple.
             The game lasted 00:06:04 (2706 turns).

Inkary the Ruffian (Ghoul Monk)                     Turns: 2706, Time: 00:06:05

Health: -4/70      AC:  7    Str: 15    XL:     8   Next: 11%
Magic:  7/7        EV: 12    Int:  5    God:
Gold:   214        SH:  0    Dex: 13    Spells: 0 memorised, 7 levels left

rFire  . . .     SeeInvis .       - Unarmed
rCold  + . .     Gourm    .     h - +0 ring mail
rNeg   + + +     Faith    .     (no shield)
rPois  ∞         Spirit   .     (no helmet)
rElec  .         Dismiss  .     (no cloak)
rCorr  .         Reflect  .     (no gloves)
SustAt .         Harm     .     w - +0 pair of boots
MR     .....                    (no amulet)
Stlth  +.........               (no ring)
                                (no ring)

@: rotting, not resistant to hostile enchantments, very unstealthy
A: rotting body, claws 1, carnivore 3, cold resistance 1, negative energy
resistance 3, slow regeneration 1, torment resistance, unbreathing
a: no special abilities


You were in the Ecumenical Temple.
You were not hungry.

You visited 2 branches of the dungeon, and saw 7 of its levels.

You collected 214 gold pieces.

Inventory:

Armour
 h - a +0 ring mail (worn)
 w - a +0 pair of boots (worn)
Wands
 q - a wand of disintegration (16/24)
 r - a wand of acid (7/15)
Scrolls
 c - a scroll of blinking {unknown}
 d - a scroll of enchant weapon {unknown}
 e - 5 scrolls of remove curse {unknown}
 g - 4 scrolls of identify {unknown}
 i - 3 scrolls of teleportation {unknown}
 k - 2 scrolls of amnesia {unknown}
 n - 2 scrolls of noise {unknown}
 o - 2 scrolls of recharging {unknown}
 t - a scroll of enchant armour {unknown}
 v - a scroll of magic mapping {unknown}
 x - a scroll of random uselessness {unknown}
Potions
 a - a potion of degeneration {unknown}
 j - 3 potions of brilliance {unknown}
 l - a potion of haste {unknown}
 p - 2 potions of agility {unknown}
 s - a potion of berserk rage {unknown}
 u - a potion of invisibility {unknown}
Miscellaneous
 f - a plain deck of defence
Comestibles
 b - 3 meat rations
 m - a beef jerky


   Skills:
 + Level 6.1 Fighting
 + Level 3.7 Armour
 + Level 4.6 Dodging
 - Level 2.1 Stealth
 + Level 6.7 Unarmed Combat


You had 7 spell levels left.
You didn't know any spells.

Dungeon Overview and Level Annotations

Branches:
Dungeon (6/15)             Temple (1/1) D:6

Altars:
Cheibriados
Nemelex Xobeh
Sif Muna
The Shining One


Innate Abilities, Weirdness & Mutations

Your body is rotting away.
You thrive on raw meat.
You are immune to poison.
You have sharp fingernails.
You are carnivorous and can eat meat at any time.
Your flesh is cold resistant.
You are immune to negative energy.
You regenerate slowly when monsters are visible.
You are immune to unholy pain and torment.
You can survive without breathing.


Message History

A sky beast appears from thin air!
Reactivating autopickup.
Found a club.
There is a staircase to the Ecumenical Temple here.
The sky beast hits you.
* * * LOW HITPOINT WARNING * * *
The sky beast shocks you.
* * * LOW HITPOINT WARNING * * *
You climb downwards.
Welcome to the Ecumenical Temple!
There is a staircase back to the Dungeon here.
You are too injured to fight recklessly!
You closely miss the sky beast. The sky beast hits you.
* * * LOW HITPOINT WARNING * * *
The sky beast shocks you.
* * * LOW HITPOINT WARNING * * *
You barely miss the sky beast. The sky beast misses you.
You closely miss the sky beast. The sky beast hits you.
* * * LOW HITPOINT WARNING * * *
The sky beast shocks you.
You die...

8.............8
...............
...............
...............
.....⌠...⌠.....
...............
...............
..⌠...Y@....⌠..
...............
...............
.....⌠...⌠.....
...............
...............
...............
8.............8


You could see a sky beast.

Vanquished Creatures
  2 ice beasts
  2 centaurs (D:5)
  A scorpion (D:4)
  2 crimson imps (D:5)
  An orc priest (D:4)
  5 hounds
  An orc wizard (D:5)
  A centaur skeleton (D:5)
  An iguana (D:4)
  5 gnolls
  5 adders
  A howler monkey skeleton (D:6)
  A shadow imp (D:5)
  An adder skeleton (D:5)
  A worm (D:4)
  4 dart slugs
  17 orcs
  7 bats
  5 giant cockroaches
  5 goblins
  5 hobgoblins
  6 jackals (D:1)
  6 kobolds
  A quokka (D:3)
  3 giant newts
  A quokka zombie (D:5)
  4 rats
94 creatures vanquished.

Notes
Turn   | Place    | Note
--------------------------------------------------------------
     0 | D:1      | Inkary the Ghoul Monk began the quest for the Orb.
     0 | D:1      | Reached XP level 1. HP: 19/19 MP: 0/0
    55 | D:1      | Reached XP level 2. HP: 16/26 MP: 1/1
    66 | D:1      | Found a sparkling altar of Nemelex Xobeh.
   305 | D:1      | Reached XP level 3. HP: 32/33 MP: 2/2
   630 | D:2      | Found a snail-covered altar of Cheibriados.
   696 | D:2      | Reached skill level 5 in Unarmed Combat
   842 | D:2      | Reached XP level 4. HP: 38/40 MP: 3/3
   955 | D:2      | Found a glowing golden altar of the Shining One.
  1240 | D:3      | Reached skill level 1 in Armour
  1410 | D:3      | Found a deep blue altar of Sif Muna.
  1564 | D:3      | Reached XP level 5. HP: 29/46 MP: 4/4
  1801 | D:4      | Reached XP level 6. HP: 51/55 MP: 5/5
  1914 | D:4      | Reached skill level 5 in Fighting
  2270 | D:5      | Entered Level 5 of the Dungeon
  2351 | D:5      | Reached XP level 7. HP: 50/61 MP: 6/6
  2654 | D:5      | You fall through a shaft!
  2660 | D:6      | Found a staircase to the Ecumenical Temple.
  2674 | D:6      | Reached XP level 8. HP: 59/70 MP: 7/7
  2703 | Temple   | Entered the Ecumenical Temple
  2706 | Temple   | HP: 2/70 [sky beast (4)]
  2706 | Temple   | Slain by a sky beast

Skill      XL: |  1  2  3  4  5  6  7 |
---------------+----------------------+-----
Dodging        | 3 4 |  4.6
Fighting       | 4 5 6 |  6.1
Unarmed Combat | 5 6 |  6.7
Armour         | 1 2 3 |  3.7
Stealth        | |  2.1

Action                   |  1- 3 |  4- 6 |  7- 9 || total
-------------------------+-------+-------+-------++-------
Melee: Unarmed           |   114 |   175 |    82 ||   371
       Punch             |     3 |     3 |     1 ||     7
 Stab: Sleeping          |     2 |     1 |       ||     3
  Eat: Chunk             |    10 |    23 |     6 ||    39
Armor: Robe              |    29 |       |       ||    29
       Ring mail         |    13 |    63 |    25 ||   101
Dodge: Dodged            |   107 |    94 |    34 ||   235
